 Dungeon Crawl Stone Soup version 0.29-a0-994-gc5c9f59d18 (webtiles) character file.

Game seed: 10921796847759805735

18 vurker the Vexing (level 2, -1/27 HPs)
             Began as an Ogre Enchanter on Aug 3, 2022.
             Frozen to death by an endoplasm (4 damage)
             ... on level 1 of the Dungeon.
             The game lasted 00:01:20 (791 turns).

vurker the Vexing (Ogre Enchanter)                   Turns: 791, Time: 00:01:20

Health: -1/27      AC:  3    Str: 11    XL:     2   Next: 66%
Magic:  5/5        EV: 10    Int: 16    God:
Gold:   2          SH:  0    Dex:  9    Spells: 5/5 levels left

rFire   . . .      SeeInvis .   a - +1 dagger
rCold   . . .      Faith    .   (no shield)
rNeg    . . .      Spirit   .   b - +0 robe
rPois   .          Reflect  .   (helmet restricted)
rElec   .          Harm     .   (no cloak)
rCorr   .          Rampage  .   (gloves unavailable)
Will    .....                   (boots unavailable)
Stlth   ++........              (no amulet)
HPRegen 0.09/turn               (no ring)
MPRegen 0.09/turn               (no ring)

@: invisible
A: large, unfitting armour, tough skin 1
a: no special abilities


You were on level 1 of the Dungeon.
You visited 1 branch of the dungeon, and saw 1 of its levels.

You collected 2 gold pieces.

Inventory:

Hand Weapons
 a - a +1 dagger (weapon)
Missiles
 e - 3 large rocks (quivered)
Armour
 b - a +0 robe (worn)
Potions
 c - a potion of invisibility
 d - a potion of attraction {unknown}


   Skills:
 + Level 1.1 Fighting
 - Level 0.8 Short Blades
 * Level 1.2 Maces & Flails
 + Level 0.5 Throwing
 + Level 2.0 Dodging
 - Level 2.1 Stealth
 - Level 2.4 Spellcasting
 - Level 2.6 Hexes


You had 5 spell levels left.
You didn't know any spells.
Your spell library contained the following spells:

 Spells                   Type           Power      Damage    Failure   Level
 Ensorcelled Hibernation  Hex/Ice        12%        N/A       17%         2
 Confusing Touch          Hex            10%        N/A       21%         3
 Tukima's Dance           Hex            10%        N/A       21%         3
 Poisonous Vapours        Pois/Air       2%         N/A       30%         2
 Dazzling Flash           Conj/Hex       12%        N/A       34%         3
 Corpse Rot               Necr/Pois/Air  1%         N/A       89%         4


Dungeon Overview and Level Annotations

Branches:
Dungeon (1/15)

Altars:


Innate Abilities, Weirdness & Mutations

You are too large for most types of armour.
You have tough skin. (AC +1)


Message History

The frilled lizard closely misses you.
You closely miss the hobgoblin. The bat hits you but does no damage.
The frilled lizard bites you. The hobgoblin barely misses you.
The kobold throws a stone.
The stone hits you.
You barely miss the hobgoblin. The bat barely misses you.
The frilled lizard barely misses you. The hobgoblin closely misses you.
You hit the hobgoblin but do no damage. The bat hits you but does no damage.
An endoplasm comes into view.
The hobgoblin barely misses you. The frilled lizard bites you.
The kobold throws a stone.
The stone barely misses you.
The stone misses the bat.
The bat hits you but does no damage.
You hit the hobgoblin but do no damage. The bat hits you.
The frilled lizard closely misses you. The hobgoblin hits you.
You closely miss the hobgoblin. The bat barely misses you.
The frilled lizard bites you. The hobgoblin closely misses you.
You hit the hobgoblin.
The endoplasm jiggles.
The hobgoblin closely misses you. The frilled lizard bites you.
* * * LOW HITPOINT WARNING * * *
The bat barely misses you. The hobgoblin attacks as you move away!
The hobgoblin hits you.
* * * LOW HITPOINT WARNING * * *
The bat barely misses you. The kobold attacks as you move away!
The kobold hits you but does no damage. The bat hits you but does no damage.
The goblin attacks as you move away! The goblin hits you with a +0 dagger.
* * * LOW HITPOINT WARNING * * *
You closely miss the goblin. The goblin hits you but does no damage.
You hit the goblin. The goblin hits you but does no damage.
You hit the goblin but do no damage. The goblin hits you with a +0 dagger.
* * * LOW HITPOINT WARNING * * *
You closely miss the goblin. The goblin hits you with a +0 dagger.
* * * LOW HITPOINT WARNING * * *
You hit the goblin but do no damage. The goblin misses you.
Unknown command.
You hit the goblin.
You kill the goblin!
The bat barely misses you. The bat hits you but does no damage.
You barely miss the bat. The bat barely misses you.
You barely miss the bat. The bat hits you but does no damage.
The bat closely misses you.
You hit the bat. The bat hits you but does no damage.
You closely miss the bat. The bat hits you but does no damage.
The bat barely misses you. The bat barely misses you.
You fade into invisibility!
The bat hits you but does no damage. The endoplasm freezes you.
You die...

................#.# #.#
..........#.#...#.# #.#
........#.#.......# #.#
#....b#.###.).#.# #.#
..#.#....K........#########.##
........l....................#
.....#.#...#.###bK...##.######.##
..............glJ.>.............#
.............###@...............#
...........#.# #..#..##.######.##
..#.##.#...#.# #..#..# #.#
..#.##.#...#.# #..# .# .######.#
.............# #... .. ........##
.......... ..# #..#. ##.........#
#.#.#### ..# ..... ..#####.##
†....# ..# #..# . #.#
..#..###....# #.#


You could see an endoplasm, a hobgoblin (unable to see you), a bat, a kobold
(unable to see you) and a frilled lizard (unable to see you).

Vanquished Creatures
  3 bats (D:1)
  2 endoplasms (D:1)
  2 goblins (D:1)
  3 hobgoblins (D:1)
  3 ball pythons (D:1)
  2 frilled lizards (D:1)
  A rat (D:1)
16 creatures vanquished.

Notes
Turn   | Place    | Note
-------+----------+-------------------------------------------
     0 | D:1      | vurker the Ogre Enchanter began the quest for the Orb.
     0 | D:1      | Reached XP level 1. HP: 16/16 MP: 3/3
   347 | D:1      | Reached XP level 2. HP: 26/26 MP: 5/5
   449 | D:1      | Reached skill level 1 in Maces & Flails
   454 | D:1      | Reached skill level 1 in Fighting
   791 | D:1      | Frozen to death by an endoplasm

Illustrated notes

Levels and vault maps discovered:
D:1:      dpeg_arrival_erosion, layout_basic, serial_glass, glass_columns_a,
          glass_columns_b

Skill      XL: |  1  2 |
---------------+-------+-----
Maces & Flails | 1 |  1.2
Dodging        | 2 |  2.0
Fighting       | 1 |  1.1
Short Blades   | |  0.8
Throwing       | |  0.5
Stealth        | |  2.1
Spellcasting   | |  2.4
Hexes          | |  2.6

Action                   || total
-------------------------++-------
Melee: Dagger            ||    96
  Use: Potion            ||     1
 Stab: Sleeping          ||     1
Armor: Robe              ||    46
Dodge: Dodged            ||    75

Table legend: (Time is in decaauts)
 A = Elapsed time spent in this place.
 B = Non-inter-level travel time spent in this place.
 C = Inter-level travel time spent in this place.
 D = Time resting spent in this place.
 E = Time spent auto-exploring this place.
 F = Levels seen in this place.
 G = Mean time per level.
                   A        B        C        D        E       F      G
               +--------+--------+--------+--------+--------+-----+--------+
         Total |    786 |    786 |      0 |      0 |    610 |   1 |  786.0 |
       Dungeon |    786 |    786 |      0 |      0 |    610 |   1 |  786.0 |
               +--------+--------+--------+--------+--------+-----+--------+

Top non-repeatable levels by time:
     D:1: 786 daAuts
